 Dungeon Crawl Stone Soup version 0.32-a0-7-ge934b4519a (webtiles) character file.

Game seed: 10304532343769953645

776 timneilson the Ruffian (level 7, -4/47 HPs)
             Began as an Octopode Shapeshifter on Jan 14, 2024.
             Slain by an ice beast (6 damage)
             ... on level 5 of the Dungeon.
             The game lasted 00:05:39 (3214 turns).

timneilson the Ruffian (Octopode Shapeshifter)      Turns: 3214, Time: 00:05:40

Health: -4/47      AC:  1    Str: 16    XL:     7   Next: 84%
Magic:  7/7        EV: 14    Int: 12    God:
Gold:   289        SH:  0    Dex: 11    Spells: 6/6 levels left

rFire   . .          .
                       - Unarmed
rCold   . . .        (no shield)
rNeg    . . .        (helmet currently unavailable)
rPois   .            (no amulet)
rElec   .            (no ring)
rCorr   .            (no ring)
SInv    .            (no ring)
Will    .....        (no ring)
Stlth   +++          (no ring)
HPRegen 0.27/turn    (no ring)
MPRegen 0.10/turn    (no ring)
                     (no ring)

%: no passive effects
@: beast-form
A: beast (slay +2), almost no armour, amphibious, 8 rings, camouflage 1,
gelatinous body 1, (nimble swimmer 1), tentacles
a: Begin Untransformation


You were on level 5 of the Dungeon.
You were a hulking beast.
You visited 1 branch of the dungeon, and saw 5 of its levels.

You collected 289 gold pieces.

Inventory:

Jewellery
 d - a ring of ice
 n - a ring of poison resistance
Talismans
 b - a beast talisman
 c - a flux talisman
Scrolls
 f - 5 scrolls of identify
 j - a scroll of vulnerability {unknown}
 m - a scroll of noise {unknown}
Potions
 a - a potion of lignification
 e - a potion of invisibility
 g - a potion of haste
 h - a potion of heal wounds
 i - a potion of curing {unknown}
 k - a potion of enlightenment {unknown}
 l - a potion of mutation {unknown}


   Skills:
 * Level 3.8 Fighting
 * Level 4.2 Dodging
 + Level 4.0 Stealth
 * Level 4.9 Unarmed Combat
 * Level 4.7 Shapeshifting


You had 6 spell levels left.
You didn't know any spells.
Your spell library contained the following spells:

 Spells                   Type           Power      Damage    Failure   Level
 Kiss of Death            Conj/Necr      0%         2d5       32%         1
 Summon Small Mammal      Summ           0%         N/A       32%         1
 Blink                    Tloc           0%         N/A       45%         2
 Cigotuvi's Dreadful Rot  Necr/Alch/Air  0%         N/A       45%         2
 Lesser Beckoning         Tloc           0%         N/A       45%         2
 Mercury Vapours          Alch/Air       0%         N/A       45%         2
 Momentum Strike          Conj/Tloc      0%         3d8       45%         2
 Call Canine Familiar     Summ           0%         N/A       69%         3
 Confusing Touch          Hex            0%         N/A       69%         3
 Dazzling Flash           Conj/Hex       0%         N/A       69%         3
 Mephitic Cloud           Conj/Alch/Air  0%         N/A       69%         3
 Dispel Undead            Necr           0%         3d6       97%         4
 Summon Blazeheart Golem  Fire/Summ      0%         N/A       97%         4
 Curse of Agony           Necr           0%         N/A       100%        5
 Silence                  Hex/Air        0%         N/A       100%        5
 Conjure Ball Lightning   Conj/Air       0%         3x3d6     100%        6
 Lehudib's Crystal Spear  Conj/Erth      0%         10d2      100%        8


Dungeon Overview and Level Annotations

Branches:
Dungeon (5/15)
 Temple: D:4-7

Altars:
Fedhas
Vehumet

Shops:
D:5 !


Innate Abilities, Weirdness & Mutations

You are a hulking beast.
Your limbs bulge with bestial killing power. (Slay +2)
You cannot wear most types of armour.
You are amphibious.
You can wear up to eight rings at the same time.
Your skin changes colour to match your surroundings (Stealth+).
Your rubbery body absorbs attacks. (AC +1, EV +1)
((You are camouflaged when in or above water. (Stealth+)))
You have tentacles for arms and can constrict up to eight enemies at once.


Message History

You kill the dart slug!
You bludgeon the black bear! You grab the black bear.
The black bear is heavily wounded.
You constrict the black bear. The black bear bites you.
The black bear claws you. x2
You tentacle-slap the black bear.
You tentacle-slap the black bear, but do no damage.
You squeeze the black bear!
You kill the black bear!
Your Stealth skill increases to level 4!
You see here a dart slug corpse.
An ice beast comes into view.
The ice beast closely misses you.
You tentacle-slap the ice beast. You squeeze the ice beast.
The ice beast is lightly wounded.
The ice beast hits you. The ice beast freezes you!
You barely miss the ice beast. You squeeze the ice beast!
The ice beast is moderately wounded.
You barely miss the ice beast. You squeeze the ice beast.
The ice beast is heavily wounded.
The ice beast hits you. The ice beast freezes you!
You tentacle-slap the ice beast. You squeeze the ice beast.
The ice beast is heavily wounded.
The ice beast barely misses you.
You barely miss the ice beast.
The ice beast is heavily wounded.
The ice beast hits you but does no damage.
You tentacle-slap the ice beast but do no damage.
The ice beast is heavily wounded.
The ice beast hits you. The ice beast freezes you!
* * * LOW HITPOINT WARNING * * *
You tentacle-slap the ice beast.
The ice beast is severely wounded.
The ice beast completely misses you.
You barely miss the ice beast.
The ice beast is severely wounded.
The ice beast hits you.
* * * LOW HITPOINT WARNING * * *
The ice beast freezes you.
You die...

#.#.# #.#.# #.#.#
#.#.# ### #.#.#
#.. #.#.# #.#
#.#.# #.# #.#.#
#Y# #.#.# #h# ##
#.#.# #.#
.###.#.#########.#
....#..##........#
##.#.####.########
##.### #.# ##.#
#.########
##.######..).....#
##>.†......#####.#


You could see an ice beast.

Vanquished Creatures
  Sigmund (D:3)
  A black bear (D:5)
  A scorpion (D:5)
  A bombardier beetle (D:4)
  4 hounds
  3 iguanas (D:5)
  2 orc wizards
  3 gnolls (D:2)
  3 adders
  A shadow imp (D:5)
  A white imp (D:5)
  A ribbon worm (D:2)
  5 dart slugs
  17 orcs
  8 ball pythons
  3 endoplasms
  4 giant cockroaches
  5 goblins
  5 hobgoblins
  3 jackals (D:4)
  2 quokkas
  8 bats
  7 frilled lizards
  11 kobolds
  6 rats
106 creatures vanquished.

Notes
Turn   | Place    | Note
-------+----------+-------------------------------------------
     0 | D:1      | timneilson the Octopode Shapeshifter began the quest for
                  | the Orb.
     0 | D:1      | Reached XP level 1. HP: 13/13 MP: 1/1
    98 | D:1      | Reached XP level 2. HP: 14/18 MP: 2/2
   338 | D:1      | Reached skill level 1 in Stealth
   506 | D:2      | Reached XP level 3. HP: 18/23 MP: 3/3
   734 | D:2      | Reached XP level 4. HP: 15/29 MP: 4/4
  1127 | D:3      | Reached XP level 5. HP: 13/34 MP: 5/5
  1217 | D:3      | Got the Catalogue of Flinty Vapour
  1250 | D:3      | Found a blossoming altar of Fedhas.
  1324 | D:3      | Noticed Sigmund
  1331 | D:3      | Killed Sigmund
  1332 | D:3      | Reached XP level 6. HP: 40/41 MP: 6/6
  2012 | D:4      | Found a radiant altar of Vehumet.
  2162 | D:4      | Reached XP level 7. HP: 32/46 MP: 7/7
  2595 | D:5      | Entered Level 5 of the Dungeon
  3016 | D:5      | Found Boledd's Distillery.
  3214 | D:5      | HP: 2/47 [ice beast (4)]
  3214 | D:5      | Slain by an ice beast

Illustrated notes

Levels and vault maps discovered:
D:1:      dpeg_arrival_shelter, layout_basic, minivault_11
D:2:      layout_basic
D:3:      layout_loops_ring, lemuel_crystal_altar, uniq_sigmund
D:4:      layout_basic, fiery_altar_vehumet
D:5:      layout_loops_ring, mainiacjoe_overflow_tiny_flanked, serial_shops,
          nicolae_shop_industrial_runoff

Skill      XL: |  1  2  3  4  5  6  7 |
---------------+----------------------+-----
Stealth        | 1 2 3 4 |  4.0
Fighting       | 2 3 |  3.8
Dodging        | 3 4 |  4.2
Unarmed Combat | 4 |  4.9
Shapeshifting  | 4 |  4.7

Action                     |  1- 3 |  4- 6 |  7- 9 || total
---------------------------+-------+-------+-------++-------
  Melee: Unarmed           |    69 |    97 |    48 ||   214
         Constrict         |    14 |    25 |    14 ||    53
         Tentacles         |     9 |    19 |    14 ||    42
         Punch             |       |     2 |     2 ||     4
    Use: Scroll            |     2 |     2 |     1 ||     5
   Stab: Sleeping          |     4 |    10 |     6 ||    20
 Armour: Skin              |    33 |    35 |    30 ||    98
  Dodge: Dodged            |    52 |    44 |    24 ||   120

Table legend: (Time is in decaauts)
 A = Elapsed time spent in this place.
 B = Non-inter-level travel time spent in this place.
 C = Inter-level travel time spent in this place.
 D = Time resting spent in this place.
 E = Time spent auto-exploring this place.
 F = Levels seen in this place.
 G = Mean time per level.
                   A        B        C        D        E       F      G
               +--------+--------+--------+--------+--------+-----+--------+
         Total |   3197 |   3145 |     52 |    100 |   2323 |   5 |  639.4 |
       Dungeon |   3197 |   3145 |     52 |    100 |   2323 |   5 |  639.4 |
               +--------+--------+--------+--------+--------+-----+--------+

Top non-repeatable levels by time:
     D:4: 839 daAuts
     D:3: 754 daAuts
     D:5: 615 daAuts
     D:1: 499 daAuts
     D:2: 488 daAuts
